 Dungeon Crawl Stone Soup version 0.27-a0-920-gb2bd10914a (webtiles) character file.

Game seed: 1619870446889932185

37 frogmouthbird the Chopper (level 3, -1/31 HPs)
             Began as a Hill Orc Fighter on Apr 9, 2021.
             Slain by a kobold
             ... wielding a +0 dagger
              (3 damage)
             ... on level 2 of the Dungeon.
             The game lasted 00:02:04 (1488 turns).

frogmouthbird the Chopper (Hill Orc Fighter)        Turns: 1488, Time: 00:02:05

Health: -1/31      AC: 13    Str: 18    XL:     3   Next: 41%
Magic:  3/3        EV:  3    Int:  9    God:
Gold:   52         SH:  9    Dex: 10    Spells: 2/2 levels left

rFire    . . .     SeeInvis .   a - +1 war axe
rCold    . . .     Faith    .   c - +0 kite shield
rNeg     . . .     Spirit   .   o - +1 plate armour
rPois    .         Reflect  .   (no helmet)
rElec    .         Harm     .   (no cloak)
rCorr    .         Rampage  .   (no gloves)
Will     .....                  f - +0 pair of boots
Stlth    ..........             (no amulet)
HPRegen  0.10/turn              (no ring)
MPRegen  0.08/turn              (no ring)

@: no status effects
A: no striking features
a: no special abilities


You were on level 2 of the Dungeon.
You visited 1 branch of the dungeon, and saw 2 of its levels.

You collected 52 gold pieces.

Inventory:

Hand Weapons
 a - a +1 war axe (weapon)
Armour
 c - a +0 kite shield (worn)
 f - a +0 pair of boots (worn)
 o - a +1 plate armour (worn)
Potions
 d - a potion of might
 e - a potion of heal wounds
 i - a potion of lignification {unknown}


   Skills:
 - Level 3.6 Fighting
 * Level 5.0 Axes
 - Level 3.2 Armour
 - Level 3.2 Shields


You had 2 spell levels left.
You didn't know any spells.
Your spell library was empty.

Dungeon Overview and Level Annotations

Branches:
Dungeon (2/15)

Altars:


Message History

You kill the adder!
* * * LOW HITPOINT WARNING * * *
You feel sick.
Your Axes skill increases to level 5!
* * * LOW HITPOINT WARNING * * *
You feel sick.
You see here an adder corpse.
* * * LOW HITPOINT WARNING * * *
You feel sick.
* * * LOW HITPOINT WARNING * * *
You feel sick.
Okay, then.
* * * LOW HITPOINT WARNING * * *
You feel sick.
* * * LOW HITPOINT WARNING * * *
You feel sick.
You are no longer poisoned.
You start resting.
A kobold comes into view. It is wielding a +0 dagger.
You see here a hobgoblin corpse.
You start resting.
A kobold is nearby!
The kobold shouts!
The kobold throws a stone.
You block the stone.
The kobold drinks a potion.
The kobold seems to speed up.
You start resting.
A kobold is nearby!
You are too injured to fight recklessly!
You are too injured to fight recklessly!
You are too injured to fight recklessly!
You are too injured to fight recklessly!
The kobold hits you but does no damage. x2
Your plate armour prevents you from hitting the kobold.
The kobold hits you with a +0 dagger.
* * * LOW HITPOINT WARNING * * *
The kobold hits you but does no damage.
You miss the kobold.
The kobold hits you but does no damage. x2
You closely miss the kobold. You block the kobold's attack.
The kobold hits you with a +0 dagger.
You die...

#.....#.#)# #.###.#.#.# #.#
#.#<#.# #.# #[###.#
#.###.....####
###.#...####...##
..#.............#
###########.###...####....#
#.........@...##### #.....
##.#########K#.# #...##
#......# #.#.###### #...#
#......# #........# #####
#......# #†††.....#
##.##### ##.......# #.#
#.......# #.# #.......# #.#
....$...#


You could see a kobold (fast).

Vanquished Creatures
  An adder (D:2)
  2 ball pythons (D:1)
  2 endoplasms (D:1)
  A giant cockroach (D:1)
  3 goblins (D:1)
  7 hobgoblins
  2 frilled lizards (D:1)
  7 kobolds
  A rat (D:2)
26 creatures vanquished.

Notes
Turn   | Place    | Note
-------+----------+-------------------------------------------
     0 | D:1      | frogmouthbird the Hill Orc Fighter began the quest for the
                  | Orb.
     0 | D:1      | Reached XP level 1. HP: 19/19 MP: 1/1
    49 | D:1      | Reached skill level 3 in Axes
   400 | D:1      | Reached XP level 2. HP: 20/26 MP: 2/2
   666 | D:1      | Reached skill level 4 in Axes
  1180 | D:1      | Reached XP level 3. HP: 31/31 MP: 3/3
  1450 | D:2      | Reached skill level 5 in Axes
  1454 | D:2      | HP: 1/31 [poisoned by an adder]
  1488 | D:2      | Slain by a kobold

Illustrated notes

Levels and vault maps discovered:
D:1:      dpeg_arrival_windows_large_door, layout_loops_corners,
          serial_bayou_ford_a
D:2:      minmay_chambers_of_twos, layout_basic, basic_altar,
          hellmonk_ecumenical_altar_pennies_from_heaven

Skill      XL: |  1  2  3 |
---------------+----------+-----
Axes           | 3 4 5 |  5.0
Fighting       | |  3.6
Armour         | |  3.2
Shields        | |  3.2

Action                   || total
-------------------------++-------
Melee: War axe           ||    77
  Use: Scroll            ||     7
Armor: Scale mail        ||    21
       Plate armour      ||    21
Dodge: Dodged            ||    24
Block: Kite shield       ||    42

Table legend: (Time is in decaauts)
 A = Elapsed time spent in this place.
 B = Non-inter-level travel time spent in this place.
 C = Inter-level travel time spent in this place.
 D = Time resting spent in this place.
 E = Time spent auto-exploring this place.
 F = Levels seen in this place.
 G = Mean time per level.
                   A        B        C        D        E       F      G
               +--------+--------+--------+--------+--------+-----+--------+
         Total |   1535 |   1480 |     55 |    254 |    991 |   2 |  767.5 |
       Dungeon |   1535 |   1480 |     55 |    254 |    991 |   2 |  767.5 |
               +--------+--------+--------+--------+--------+-----+--------+

Top non-repeatable levels by time:
     D:1: 1330 daAuts
     D:2: 204 daAuts
